[Event "Titled Tuesday Blitz August 16 Late 2022"]
[White "Janaszak, Dawid"]
[Black "Jorajuria Mendoza, Algol"]
[WhiteFideId "1119206"]
[BlackFideId "5128897"]
[WhiteElo "2165"]
[BlackElo "1600"]
[Result "0-1"]
[Round "01"]
[TimeControl "180+1"]
[Date "2022.08.18"]
[WhiteClock "0:00:00"]
[BlackClock "0:00:00"]

1. e4 c5 2. Nc3 Nc6 3. Bb5 Nd4 4. Nf3 a6 5. Bd3 Nc6 6. O-O g6 7. Re1 Bg7 8. Nd5 e6 9. c3 Nge7 10. Ne3 O-O 11. Bc2 d5 12. exd5 Nxd5 13. d4 cxd4 14. cxd4 b5 15. Nxd5 exd5 16. Bg5 Qd6 17. Qd2 Bg4 18. Bf4 Qb4 19. Qc3 Rac8 20. a3 Qxc3 21. bxc3 Na5 22. Bd6 Bxf3 23. Bxf8 Bxf8 24. gxf3 Rxc3 25. Re2 Bxa3 26. Kf1 b4 27. Rd2 Nc4 28. Re2 b3 29. Bxb3 Rxb3 30. Re8+ Kg7 31. Kg2 a5 32. Rd8 Bd6 33. Ra8 Rd3 34. Rb1 Rxd4 35. Rb5 Rd2 36. Kf1 Bxh2 37. Rd8 d4 38. Rc5 Ne5 39. Rxa5 Nxf3 40. Ra3 Ne5 41. Ke1 Bf4 42. Ra4 Nd3+ 43. Kf1 Rxf2+ 44. Kg1 Be3 45. Kh1 Ne5 46. Rd5 Nf3 47. Rh5 gxh5 48. Ra2 Ne5 49. Ra1 d3 50. Re1 Re2 51. Rg1+ Bxg1 0-1


[Site "https://www.chess.com"]

[Event "Titled Tuesday Blitz August 16 Late 2022"]
[White "Jeet, Jain"]
[Black "Tarnowska, Aleksandra"]
[WhiteFideId "5073022"]
[BlackFideId "1180967"]
[WhiteElo "2055"]
[BlackElo "1700"]
[Result "1-0"]
[Round "01"]
[TimeControl "180+1"]
[Date "2022.08.18"]
[WhiteClock "0:00:00"]
[BlackClock "0:00:00"]

1. e4 c5 2. Nc3 d6 3. d4 cxd4 4. Qxd4 Nc6 5. Qd2 g6 6. b3 Bg7 7. Bb2 Nf6 8. O-O-O O-O 9. f4 Bg4 10. Nf3 Qa5 11. Kb1 Nb4 12. a3 Nc6 13. h3 Bxf3 14. gxf3 Nh5 15. f5 Ne5 16. Be2 Rac8 17. Nd5 Qd8 18. f4 Nd7 19. Bxh5 Bxb2 20. Kxb2 gxh5 21. Rhg1+ Kh8 22. Rg5 Nf6 23. Nxf6 exf6 24. Rxh5 Qe7 25. Qe2 Rg8 26. Rh6 Rg3 27. Qh5 Rg7 28. Rg1 Rcg8 29. Re1 d5 30. e5 fxe5 31. f6 1-0


[Site "https://www.chess.com"]

[Event "Titled Tuesday Blitz August 16 Late 2022"]
[White "Kaganskiy, Gleb"]
[Black "Ezat, Mohamed"]
[WhiteFideId "4132025"]
[BlackFideId "10600906"]
[WhiteElo "2165"]
[BlackElo "2386"]
[Result "1/2-1/2"]
[Round "01"]
[TimeControl "180+1"]
[Date "2022.08.18"]
[WhiteClock "0:00:00"]
[BlackClock "0:00:00"]

1. e4 Nf6 2. e5 Nd5 3. d4 d6 4. Nf3 dxe5 5. Nxe5 e6 6. c4 Nf6 7. Nc3 Nbd7 8. Nf3 Bb4 9. Be2 O-O 10. O-O b6 11. Be3 Bb7 12. Qc2 Re8 13. Rad1 Qc8 14. h3 a6 15. a3 Bxc3 16. Qxc3 Ne4 17. Qc2 Ndf6 18. Bd3 c5 19. Ne5 cxd4 20. Bxd4 Nc5 21. Bxc5 Qxc5 22. Ng4 Nxg4 23. Bxh7+ Kh8 24. hxg4 Qg5 25. Be4 Bxe4 26. Qxe4 Rac8 27. b3 b5 28. Rd7 bxc4 29. bxc4 Re7 30. Rxe7 Qxe7 31. Qd3 Qc5 32. Rc1 a5 33. g3 Kg8 34. Rb1 Qxc4 35. Qxc4 Rxc4 36. Rb5 a4 37. g5 Kh7 38. Ra5 Kg6 39. Kg2 Rd4 40. f4 Kh5 41. Kf2 Kg4 42. Ra7 Rd3 43. Rxf7 Rf3+ 44. Ke2 Rxg3 45. Rxg7 Kxf4 46. g6 Ke4 47. Rg8 e5 48. g7 Rg2+ 49. Kf1 Rg6 50. Kf2 Rg5 51. Ra8 Rxg7 52. Rxa4+ Kd3 53. Ra8 Rf7+ 54. Ke1 e4 55. Rb8 Rh7 56. Rb3+ Kc4 57. Rg3 Kd4 58. a4 Ra7 59. Ra3 Ra5 60. Ke2 Rh5 61. Ke1 Rh1+ 62. Ke2 Rh2+ 63. Ke1 e3 64. a5 Ke4 65. a6 Kf3 66. Kd1 Rh1+ 67. Kc2 Rh2+ 68. Kd1 Rh8 69. a7 Rd8+ 70. Ke1 Rc8 71. Kd1 Rd8+ 72. Ke1 Ra8 73. Ra2 Kf4 74. Ke2 Ke4 75. Ke1 Kd5 76. Ke2 Kc6 77. Kxe3 Kb7 78. Rb2+ Kxa7 79. Ra2+ Kb7 80. Rxa8 Kxa8 1/2-1/2


[Site "https://www.chess.com"]

[Event "Titled Tuesday Blitz August 16 Late 2022"]
[White "Kamsky, Gata"]
[Black "Postnikov, Daniil"]
[WhiteFideId "2000024"]
[BlackFideId "4166329"]
[WhiteElo "2666"]
[BlackElo "2261"]
[Result "1-0"]
[Round "01"]
[TimeControl "180+1"]
[Date "2022.08.16"]
[WhiteClock "0:00:38"]
[BlackClock "0:00:17"]

1. e4 e6 2. d4 d5 3. e5 c5 4. c3 Nc6 5. Nf3 Qb6 6. a3 f6 7. Bd3 fxe5 8. dxe5 c4 9. Bc2 g6 10. O-O Bg7 11. Qe2 Nh6 12. Be3 Qc7 13. Bf4 O-O 14. Bg3 Qb6 15. Ra2 Nf5 16. Nbd2 Bd7 17. Bxf5 Rxf5 18. Re1 g5 19. h3 Raf8 20. Nf1 h6 21. N1h2 Be8 22. Raa1 Bh5 23. Ng4 Bxg4 24. hxg4 R5f7 25. Rad1 Qc5 26. Nd4 Nxd4 27. Rxd4 b5 28. f3 a5 29. Bf2 Qc7 30. Rdd1 Rb8 31. Qc2 b4 32. axb4 axb4 33. Bd4 Rf4 34. Ra1 Rb7 35. Qg6 Qc8 36. Ra6 Re7 37. Rea1 Rf8 38. cxb4 Qe8 39. Qxe8 Rfxe8 40. b5 Rb7 41. b6 Reb8 42. Ra8 Bf8 43. Rxb8 Rxb8 44. Ra7 Bb4 45. Kf2 Bf8 46. g3 Bb4 47. f4 gxf4 48. gxf4 Bd2 49. f5 exf5 50. gxf5 Bg5 51. f6 Kf8 52. e6 c3 53. bxc3 Bf4 54. b7 Bd6 55. Ra8 Ke8 56. Ba7 Rxa8 57. bxa8=R+ Bb8 58. Bxb8 Kf8 59. Kf3 Ke8 60. Kg4 Kf8 61. Kh5 Ke8 62. Kxh6 Kf8 63. Kg6 Ke8 64. Kf5 Kf8 65. Ke5 Ke8 66. Kxd5 Kf8 67. c4 Ke8 68. c5 Kf8 69. c6 Ke8 70. c7 Kf8 71. c8=B Ke8 72. Bd7+ Kf8 73. e7+ Kg8 74. e8=N Kh7 75. f7 Kh6 76. f8=N Kg5 1-0


[Site "https://www.chess.com"]

[Event "Titled Tuesday Blitz August 16 Late 2022"]
[White "Kashtanov, Ruslan"]
[Black "Djordjevic, Vuk"]
[WhiteFideId "4124871"]
[BlackFideId "902098"]
[WhiteElo "2168"]
[BlackElo "2456"]
[Result "0-1"]
[Round "01"]
[TimeControl "180+1"]
[Date "2022.08.18"]
[WhiteClock "0:00:00"]
[BlackClock "0:00:00"]

1. d4 Nf6 2. c4 e6 3. g3 d5 4. Bg2 Bb4+ 5. Nd2 O-O 6. Nf3 b6 7. O-O c6 8. Qc2 Bb7 9. e4 Na6 10. e5 Nd7 11. cxd5 cxd5 12. h4 Qc7 13. Qd3 Rfc8 14. Rd1 Nab8 15. Ng5 Qc2 16. Qxc2 Rxc2 17. Nf1 Ba6 18. Ne3 Rc8 19. a3 Be7 20. Bd2 Nc6 21. Bc3 Na5 22. Nxd5 Bxg5 23. Nb4 Be2 24. Bxa8 Bxd1 25. Rxd1 Bxh4 26. Bf3 Bg5 27. Kg2 Nc4 28. a4 g6 29. Bb7 Rc7 30. Ba6 Nb8 31. Bb5 a5 32. Na6 Nxa6 33. Bxa6 Be7 34. d5 exd5 35. Rxd5 Bb4 36. Rd8+ Kg7 37. Rc8 Rxc8 38. Bxc8 Bxc3 39. bxc3 Nxe5 40. f4 Nd3 41. Bd7 Nc5 42. Bc6 Kf6 43. Kf3 Ke6 44. Ke3 Kd6 45. Bb5 Kd5 46. c4+ Kd6 47. Kd4 Ne6+ 48. Ke4 f5+ 49. Kd3 Kc5 50. Bd7 Nc7 51. Kc3 Na6 52. Bc8 Nb8 53. Be6 Nc6 54. Bg8 h6 55. Bf7 Ne7 56. Be6 g5 0-1


[Site "https://www.chess.com"]

[Event "Titled Tuesday Blitz August 16 Late 2022"]
[White "Kevlishvili, Robby"]
[Black "Yedidia, Daniel"]
[WhiteFideId "1040634"]
[BlackFideId "30905907"]
[WhiteElo "2585"]
[BlackElo "2525"]
[Result "1/2-1/2"]
[Round "01"]
[TimeControl "180+1"]
[Date "2022.08.16"]
[WhiteClock "0:00:09"]
[BlackClock "0:00:16"]

1. e4 e5 2. Nf3 Nc6 3. Bb5 a6 4. Ba4 Nf6 5. d3 Be7 6. Bxc6 dxc6 7. Nxe5 O-O 8. O-O Nd7 9. Nxd7 Bxd7 10. Nc3 f5 11. Bd2 f4 12. f3 Bc5+ 13. Kh1 Qh4 14. Qe1 Qh5 15. Ne2 g5 16. Bb4 Be3 17. Bd2 Bxd2 18. Qxd2 Rf6 19. g4 fxg3 20. Nxg3 Qh4 21. Rf2 Raf8 22. Qe3 Bg4 23. Raf1 Bh3 24. Rg1 Bg4 25. Nf5 Bxf5 26. exf5 Rxf5 27. Rfg2 h6 28. Qe6+ Kg7 29. Rg3 Rxf3 30. Qe5+ Kg8 31. Rxg5+ hxg5 32. Rxg5+ Qxg5 33. Qxg5+ Kh7 34. Qh5+ Kg7 35. Qg4+ Kh8 36. Qd4+ Kh7 37. Kg2 R3f7 38. Qe4+ Kh8 39. Qe5+ Kh7 40. h4 Rg7+ 41. Kh3 Rf3+ 42. Kh2 Rf2+ 43. Kh3 Rf3+ 44. Kh2 Rf2+ 45. Kh3 Rf3+ 1/2-1/2


[Site "https://www.chess.com"]

[Event "Titled Tuesday Blitz August 16 Late 2022"]
[White "Koepke, Christian"]
[Black "Goltsev, Dmitry"]
[WhiteFideId "4655737"]
[BlackFideId "24176710"]
[WhiteElo "2188"]
[BlackElo "2258"]
[Result "0-1"]
[Round "01"]
[TimeControl "180+1"]
[Date "2022.08.18"]
[WhiteClock "0:00:00"]
[BlackClock "0:00:00"]

1. e4 e6 2. d4 d5 3. exd5 exd5 4. Nf3 Nf6 5. Bd3 c5 6. c3 Bd6 7. dxc5 Bxc5 8. O-O O-O 9. Nbd2 Nc6 10. Nb3 Bb6 11. Re1 Ng4 12. Nbd4 Nxd4 13. cxd4 h6 14. Bf4 Be6 15. Rc1 Rc8 16. Qd2 Qf6 17. h3 Rxc1 18. Rxc1 Ba5 19. Rc3 g5 20. Bg3 Bxc3 21. bxc3 Rc8 22. hxg4 Bxg4 23. Ne5 Be6 24. Bc2 Bf5 25. Bb3 Be6 26. Nd3 h5 27. Be5 Qg6 28. f4 g4 29. Nc5 h4 30. Nxe6 fxe6 31. Bc2 Qh5 32. f5 exf5 33. Qf4 g3 34. Bxf5 Qd1+ 35. Qf1 Qxf1+ 36. Kxf1 Rf8 37. Ke2 Rxf5 38. Bb8 Rf2+ 39. Ke3 Rxg2 40. Kf3 Rxa2 0-1


[Site "https://www.chess.com"]

[Event "Titled Tuesday Blitz August 16 Late 2022"]
[White "Kovacevic, Radmila"]
[Black "Goldin, Alexander"]
[WhiteFideId "933171"]
[BlackFideId "2019540"]
[WhiteElo "2157"]
[BlackElo "2542"]
[Result "0-1"]
[Round "01"]
[TimeControl "180+1"]
[Date "2022.08.18"]
[WhiteClock "0:00:00"]
[BlackClock "0:00:00"]

1. e4 c5 2. Nf3 Nc6 3. Bc4 e6 4. O-O Nf6 5. Re1 d6 6. c3 Be7 7. a4 O-O 8. Ba2 e5 9. h3 Be6 10. b3 d5 11. exd5 Bxd5 12. Nxe5 Nxe5 13. Rxe5 Bd6 14. Re1 Re8 15. d4 Rxe1+ 16. Qxe1 cxd4 17. cxd4 Bc7 18. Nc3 Qd6 19. g3 Re8 20. Qd1 Qd7 21. Nxd5 Nxd5 22. Kh2 Qf5 23. Qg1 Re2 24. Kg2 Qe4+ 25. Kh2 Qf3 26. Be3 Nxe3 27. Re1 Rxf2+ 0-1


[Site "https://www.chess.com"]

[Event "Titled Tuesday Blitz August 16 Late 2022"]
[White "Kravtsiv, Martyn"]
[Black "Kopczynski, Michal"]
[WhiteFideId "14113147"]
[BlackFideId "1124200"]
[WhiteElo "2694"]
[BlackElo "2235"]
[Result "1-0"]
[Round "01"]
[TimeControl "180+1"]
[Date "2022.08.16"]
[WhiteClock "0:00:06"]
[BlackClock "0:00:01"]

1. e4 c5 2. Nf3 d6 3. Bb5+ Bd7 4. Bxd7+ Nxd7 5. O-O g6 6. c3 Bg7 7. d4 Ngf6 8. Qe2 e5 9. Na3 O-O 10. dxe5 dxe5 11. Rd1 Qc7 12. Nb5 Qa5 13. Nd6 Qb6 14. Bg5 h6 15. Bxf6 Nxf6 16. Nxe5 Rad8 17. Ndxf7 Rxf7 18. Qc4 Rf8 19. Nxg6 Re8 20. e5 Nh5 21. Qg4 Qxb2 22. f3 Qxc3 23. Qxh5 Qe3+ 24. Kh1 Re6 25. Rd8+ Kh7 26. Nh4 Qxe5 27. Qxe5 Rxe5 28. Rad1 Bf6 29. R8d7 Kg8 30. g3 Rxd7 31. Rxd7 Bxh4 32. gxh4 Re1+ 33. Kg2 Re2+ 34. Kg3 Rxa2 35. Rxb7 c4 36. Rc7 a5 37. Rxc4 Kf7 38. Rc6 Kg7 39. h5 a4 40. Rg6+ Kh7 41. Ra6 a3 42. Ra7+ Kg8 43. h4 Ra1 44. Kf4 a2 45. Kf5 Kf8 46. f4 Ke8 47. Kf6 Kd8 48. f5 Ke8 49. Ra8+ Kd7 50. Ra3 Kd6 51. Kf7 Rf1 52. Rxa2 Rxf5+ 53. Kg6 Rf4 54. Re2 Rxh4 55. Kxh6 Kd7 56. Kg6 Rg4+ 57. Kh7 Rh4 58. h6 Kd6 59. Kg7 Rg4+ 60. Kh7 Rh4 61. Re8 Kd7 62. Re1 Kd6 63. Rg1 Ke7 64. Kg7 Ke6 65. h7 Rg4+ 66. Rxg4 1-0


[Site "https://www.chess.com"]

[Event "Titled Tuesday Blitz August 16 Late 2022"]
[White "Krzyzanowski, Marcin"]
[Black "Wachinger, Guenther"]
[WhiteFideId "1132199"]
[BlackFideId "4604261"]
[WhiteElo "2396"]
[BlackElo "2212"]
[Result "1-0"]
[Round "01"]
[TimeControl "180+1"]
[Date "2022.08.16"]
[WhiteClock "0:02:14"]
[BlackClock "0:01:21"]

1. d4 d5 2. Bf4 c5 3. c3 Nf6 4. e3 Qb6 5. Qb3 c4 6. Qxb6 axb6 7. Na3 Bd7 8. Nf3 e6 9. Nc2 Nc6 10. Ne5 Nh5 11. Be2 Nxf4 12. exf4 f6 13. Nxd7 Kxd7 14. Kd2 Bd6 15. g3 Rae8 16. Ne3 Re7 17. f5 Bb8 18. fxe6+ Kxe6 19. Bg4+ Kd6 20. Nf5+ Kc7 21. Nxe7 Nxe7 22. Rhe1 Nc6 23. Re6 h5 24. Bf3 h4 25. Bxd5 hxg3 26. hxg3 Rh2 27. Bxc6 bxc6 28. Re2 Kd7 29. Rae1 Bd6 30. Ke3 b5 31. Kf3 g5 32. Kg4 Rh8 33. Kf5 Ra8 34. a3 Rf8 35. Re6 1-0


[Site "https://www.chess.com"]

[Event "Titled Tuesday Blitz August 16 Late 2022"]
[White "Lamaze, Simon"]
[Black "Swiercz, Dariusz"]
[WhiteFideId "36069264"]
[BlackFideId "1126881"]
[WhiteElo "2131"]
[BlackElo "2627"]
[Result "1/2-1/2"]
[Round "01"]
[TimeControl "180+1"]
[Date "2022.08.16"]
[WhiteClock "0:00:14"]
[BlackClock "0:00:07"]

1. d4 d5 2. c4 Nc6 3. Nc3 Nf6 4. Nf3 e6 5. Bg5 Be7 6. e3 O-O 7. Bd3 h6 8. Bh4 Nb4 9. Be2 dxc4 10. Bxc4 b6 11. a3 Nbd5 12. Nxd5 Nxd5 13. Bxe7 Nxe7 14. O-O Bb7 15. Be2 Qd6 16. Rc1 Rac8 17. Qa4 Bc6 18. Qa6 Ng6 19. Rfd1 Bd5 20. Qxa7 f5 21. Qa6 f4 22. Qd3 Ne7 23. e4 Bb7 24. Ne5 c5 25. Nc4 Qc7 26. Bg4 Rf6 27. Rc3 Rd8 28. Ne5 Qb8 29. Nf3 cxd4 30. Rb3 e5 31. Rb5 Ng6 32. Bh5 Kh8 33. Bxg6 Rxg6 34. Nxe5 Rf6 35. Nf3 Ba6 36. e5 Bxb5 37. Qxb5 Re6 38. Qb3 Rde8 39. h3 Qb7 40. Rxd4 Rg6 41. Qd3 Ree6 42. Kh2 Qc6 43. Rd8+ Re8 44. Rd4 Rge6 45. Rxf4 Qc5 46. Qf5 Qxf2 47. Nh4 Qd2 48. Qg4 Qd3 49. Rf5 Kh7 50. b4 Rxe5 51. Rf3 Qc2 52. Nf5 Rxf5 53. Qxf5+ Qxf5 54. Rxf5 Re3 55. a4 Rb3 56. Rb5 Ra3 57. Rxb6 Rxa4 58. Rb7 Ra3 59. Kg1 Rb3 60. Kf2 h5 61. Kg1 h4 62. Kh2 Kh6 63. Rb5 g5 64. Kg1 Rb2 65. Kf1 Kg6 66. Rb8 Kg7 67. b5 Kh7 68. b6 Kg7 69. Ke1 Rxg2 70. Rd8 Rb2 71. Rd6 Rb3 72. Kd2 Rxh3 73. Kc2 Rh2+ 74. Kc3 Rh1 75. Kc2 Rh2+ 76. Rd2 Rxd2+ 77. Kxd2 h3 78. b7 h2 79. b8=Q h1=Q 80. Qe5+ Kg6 81. Qe6+ Kh5 82. Qf7+ Kg4 83. Qe6+ Kf4 84. Qf6+ Kg4 85. Qe6+ Kg3 86. Qe5+ Kg4 87. Qe6+ 1/2-1/2


[Site "https://www.chess.com"]

[Event "Titled Tuesday Blitz August 16 Late 2022"]
[White "Leenhouts, Koen"]
[Black "Curtis, John"]
[WhiteFideId "1008439"]
[BlackFideId "3200256"]
[WhiteElo "2409"]
[BlackElo "2203"]
[Result "0-1"]
[Round "01"]
[TimeControl "180+1"]
[Date "2022.08.18"]
[WhiteClock "0:00:00"]
[BlackClock "0:00:00"]

1. e4 c5 2. Nf3 d6 3. c3 Nf6 4. h3 e6 5. Bd3 Be7 6. O-O Nc6 7. Bc2 O-O 8. d4 cxd4 9. cxd4 Nb4 10. Bb3 Nxe4 11. Qe1 d5 12. Nc3 Nd3 13. Qe3 Nxc1 14. Raxc1 Nf6 15. Ne5 Bd7 16. Bc2 Bc6 17. g4 Nd7 18. Qd3 g6 19. Nxc6 bxc6 20. Ne2 c5 21. dxc5 Bxc5 22. Kg2 Bb6 23. Ng3 Rc8 24. f4 Qh4 25. f5 exf5 26. gxf5 Nc5 27. Qf3 Ne4 28. Bxe4 Rxc1 29. Rxc1 dxe4 30. Nxe4 Re8 31. fxg6 hxg6 32. Nf6+ Kf8 33. Nxe8 Qg5+ 34. Qg4 Qxc1 35. Nd6 Qd2+ 36. Kf3 Qxd6 37. Qc8+ Kg7 38. Qc4 Qh2 39. Qc3+ Kh7 40. Ke4 Qe2+ 41. Kd5 Qe6# 0-1


[Site "https://www.chess.com"]

[Event "Titled Tuesday Blitz August 16 Late 2022"]
[White "Leiva, Gianmarco"]
[Black "Pires, Marcos Vinicius Torsani"]
[WhiteFideId "3804399"]
[BlackFideId "2118939"]
[WhiteElo "2323"]
[BlackElo "2273"]
[Result "1-0"]
[Round "01"]
[TimeControl "180+1"]
[Date "2022.08.18"]
[WhiteClock "0:00:00"]
[BlackClock "0:00:00"]

1. e4 c5 2. Nf3 Nc6 3. Bb5 Nf6 4. Nc3 g6 5. O-O Bg7 6. Re1 O-O 7. e5 Ng4 8. Bxc6 dxc6 9. d3 Nh6 10. h3 Nf5 11. Bf4 b6 12. Qe2 Nd4 13. Nxd4 cxd4 14. Ne4 c5 15. c4 dxc3 16. bxc3 Qd5 17. Qf3 Bb7 18. Rad1 Rad8 19. c4 Qc6 20. h4 f5 21. Ng5 Qc8 22. Qg3 h6 23. Nh3 Kh7 24. Re3 Rd4 25. Rde1 e6 26. R1e2 Qd7 27. f3 Rxd3 28. Rxd3 Qxd3 29. Rd2 Qxc4 30. h5 g5 31. Nxg5+ hxg5 32. Qxg5 Bd5 33. Qg6+ Kh8 34. h6 Rg8 35. hxg7+ Rxg7 36. Qe8+ Kh7 37. Qh5+ Kg8 38. Bg5 Qc3 39. Bh6 Qxe5 40. Qe8+ Kh7 41. Bxg7 Kxg7 42. Qe7+ Kg8 43. Qg5+ Kf7 44. Qh4 Qe3+ 45. Rf2 Qe1+ 46. Kh2 Qe5+ 47. Kh3 c4 48. Qd8 c3 49. Qd7+ Kg6 50. Qe8+ Kg7 51. Qe7+ Kg6 52. Qe8+ Kh7 53. Qh5+ Kg7 54. Qg5+ Kf7 55. Qh5+ Ke7 56. Qh7+ Kd6 57. Qxa7 Qh8+ 58. Kg3 Qe5+ 59. Kh3 Qh8+ 60. Kg3 f4+ 61. Kxf4 Qe5+ 62. Kg4 Qf5+ 63. Kg3 Qg5+ 64. Kh2 Qf4+ 65. g3 Qh6+ 66. Kg2 Qe3 67. Qa3+ Kd7 68. Qb4 Qc5 69. Qxc5 bxc5 70. Rc2 Kd6 71. a3 Ke5 72. Rxc3 Kd4 73. Rc1 c4 74. Kf2 Kd3 75. Rd1+ Kc2 76. Re1 c3 77. g4 Kd2 78. g5 Bc4 79. g6 Bd3 80. g7 Bh7 81. a4 c2 82. a5 1-0


[Site "https://www.chess.com"]

[Event "Titled Tuesday Blitz August 16 Late 2022"]
[White "Lenderman, Aleksandr"]
[Black "Kalavannan, Koby"]
[WhiteFideId "2021285"]
[BlackFideId "425753"]
[WhiteElo "2607"]
[BlackElo "1927"]
[Result "1-0"]
[Round "01"]
[TimeControl "180+1"]
[Date "2022.08.16"]
[WhiteClock "0:00:31"]
[BlackClock "0:00:02"]

1. e4 c5 2. c3 Nf6 3. e5 Nd5 4. Nf3 Nc6 5. d4 cxd4 6. cxd4 d6 7. Bc4 Nb6 8. Bb5 d5 9. h3 Bf5 10. Nh4 Bxb1 11. Rxb1 e6 12. Nf3 Rc8 13. O-O a6 14. Be2 Be7 15. a3 Nc4 16. Bd3 b5 17. Re1 Qb6 18. Bc2 h6 19. Ra1 Qc7 20. b3 Nb6 21. Bd3 Qb7 22. Be3 Nd7 23. Nh2 Na5 24. Qg4 Bf8 25. Reb1 Rc3 26. Qd1 b4 27. axb4 Bxb4 28. Bc2 Rc7 29. Ra2 Nc6 30. Qg4 Bf8 31. b4 Nxb4 32. Ba4 Qc8 33. Rxb4 Bxb4 34. Qxg7 Rf8 35. Ng4 Be7 36. Bxh6 Kd8 37. Bg5 Re8 38. Nf6 Nxf6 39. Bxf6 Rc1+ 40. Kh2 Re1 41. Bxe7+ Rxe7 42. Qf8+ Kc7 43. Qxe7+ Kb6 44. Rb2+ Ka5 45. Qb4# 1-0


[Site "https://www.chess.com"]

[Event "Titled Tuesday Blitz August 16 Late 2022"]
[White "Levin, Anthony"]
[Black "Isajevsky, Anton"]
[WhiteFideId "30940680"]
[BlackFideId "4142500"]
[WhiteElo "1940"]
[BlackElo "2510"]
[Result "0-1"]
[Round "01"]
[TimeControl "180+1"]
[Date "2022.08.18"]
[WhiteClock "0:00:00"]
[BlackClock "0:00:00"]

1. d4 d5 2. c4 e6 3. Nf3 Nf6 4. g3 Bb4+ 5. Bd2 Be7 6. Bg2 c6 7. Qc2 O-O 8. O-O b6 9. Rd1 a5 10. b3 Ba6 11. Bf4 Nbd7 12. Nbd2 Nh5 13. Be3 Rc8 14. Nf1 Bd6 15. Bc1 f5 16. Bb2 Qe7 17. Ne5 Nhf6 18. Rac1 Ne4 19. Nd2 Nxe5 20. dxe5 Bc5 21. Nxe4 fxe4 22. e3 Rf7 23. Bc3 Rcf8 24. Be1 Rf5 25. Qb2 Ba3 26. Qd4 c5 27. Qd2 Bxc1 28. Rxc1 Bb7 29. cxd5 exd5 30. b4 axb4 31. a3 bxa3 32. Rb1 Qxe5 33. Rxb6 Ba8 34. Ra6 Qb2 35. Qa5 Rxf2 0-1


[Site "https://www.chess.com"]

[Event "Titled Tuesday Blitz August 16 Late 2022"]
[White "Levine, Joseph"]
[Black "Burke, Paul"]
[WhiteFideId "30940346"]
[BlackFideId "2605767"]
[WhiteElo "1810"]
[BlackElo "1918"]
[Result "1-0"]
[Round "01"]
[TimeControl "180+1"]
[Date "2022.08.18"]
[WhiteClock "0:00:00"]
[BlackClock "0:00:00"]

1. e4 e5 2. Nf3 Nc6 3. Bc4 Be7 4. c3 Nf6 5. d3 O-O 6. O-O d6 7. Bb3 Bg4 8. Nbd2 Qd7 9. Nc4 Rad8 10. Ne3 Bh5 11. h3 Rfe8 12. Nf5 Bf8 13. Bg5 Bg6 14. N3h4 Kh8 15. Nxg6+ fxg6 16. Nh6 gxh6 17. Bxf6+ Bg7 18. Bxd8 Qxd8 19. f4 Qh4 20. Qg4 Qe7 21. f5 g5 22. f6 Bxf6 23. Rf3 Bg7 24. Rf7 Qd8 25. Raf1 Rf8 26. Rxf8+ Bxf8 27. Qe6 Bg7 28. Rf7 g4 29. Qxg4 Qg5 30. Qxg5 hxg5 31. Rxc7 1-0


[Site "https://www.chess.com"]

[Event "Titled Tuesday Blitz August 16 Late 2022"]
[White "Lorenzo De La Riva, Lazaro"]
[Black "Salem, A.R. Saleh"]
[WhiteFideId "2268809"]
[BlackFideId "9301348"]
[WhiteElo "2325"]
[BlackElo "2674"]
[Result "0-1"]
[Round "01"]
[TimeControl "180+1"]
[Date "2022.08.16"]
[WhiteClock "0:00:10"]
[BlackClock "0:00:10"]

1. e4 c5 2. Nf3 d6 3. d4 cxd4 4. Nxd4 Nf6 5. Nc3 a6 6. a3 Nc6 7. Bg5 e6 8. Qd2 Be7 9. O-O-O Bd7 10. f3 b5 11. Nxc6 Bxc6 12. h4 h6 13. Be3 h5 14. Ne2 Qc7 15. Nd4 Bb7 16. Kb1 Rc8 17. Bd3 Nd7 18. Bg5 Ne5 19. Bxe7 Qxe7 20. f4 Nc4 21. Qe2 Qf6 22. Qf2 O-O 23. g4 hxg4 24. Rhg1 d5 25. Bxc4 Rxc4 26. e5 Qg6 27. Qe2 g3 28. Rd3 Qe4 29. Qd2 Rfc8 30. Rgxg3 Kf8 31. h5 b4 32. axb4 a5 33. b5 a4 34. Ka2 R8c7 35. Rge3 Qh1 36. f5 exf5 37. e6 f4 38. Re1 Qxh5 39. exf7 Rxf7 40. Ne6+ Kg8 41. Qg2 f3 42. Qg3 Qg4 43. Qb8+ Rc8 44. Qd6 Qc4+ 45. Ka1 Qxc2 46. Red1 f2 47. Ng5 Qxd3 48. Rxd3 f1=Q+ 49. Ka2 Qxd3 50. Qe6 Qc4+ 51. Ka1 Qf1+ 52. Ka2 Qf5 0-1


[Site "https://www.chess.com"]

[Event "Titled Tuesday Blitz August 16 Late 2022"]
[White "Martin Barcelo, Carles"]
[Black "Hardaway, Brewington"]
[WhiteFideId "24561444"]
[BlackFideId "30941849"]
[WhiteElo "1922"]
[BlackElo "1813"]
[Result "1/2-1/2"]
[Round "01"]
[TimeControl "180+1"]
[Date "2022.08.18"]
[WhiteClock "0:00:00"]
[BlackClock "0:00:00"]

1. e4 c5 2. Nf3 e6 3. g3 Nc6 4. Bg2 Nge7 5. O-O g6 6. d4 cxd4 7. Nxd4 Bg7 8. Nb5 O-O 9. Nd6 b6 10. c4 Qc7 11. Nc3 Ba6 12. Ncb5 Qb8 13. a4 Nc8 14. Rb1 Be5 15. Nxc8 Qxc8 16. f4 Bg7 17. e5 Rb8 18. Be3 Na5 19. b3 Nc6 20. Qd6 Rd8 21. Rfd1 Bf8 22. Qd3 Nb4 23. Qd2 Nc6 24. Kh1 Bb7 25. h4 Ne7 26. Nd6 Bxg2+ 27. Qxg2 Qc6 28. Rd2 Nc8 29. Nxc8 Rbxc8 30. Rbd1 Qxg2+ 31. Kxg2 Rc7 32. Rd3 Bb4 33. h5 d6 34. Bd2 Bxd2 35. R1xd2 d5 36. cxd5 exd5 37. hxg6 hxg6 38. Rxd5 Rxd5 39. Rxd5 Kf8 40. Rd3 Ke7 41. Kf3 Rc5 42. Ke4 Rc1 43. Kd5 Rc5+ 44. Kd4 Ke6 45. Rc3 Rd5+ 46. Ke4 Rd1 47. Rc6+ Kd7 48. Rf6 Ke7 49. Rc6 Re1+ 50. Kd5 Rd1+ 51. Kc4 Kd7 52. Rf6 Ke7 53. g4 Rc1+ 54. Kb5 Rc5+ 55. Ka6 Ra5+ 56. Kb7 b5 57. axb5 Rxb5+ 58. Kxa7 Rxb3 59. g5 Rb5 60. Ka6 Rb4 61. Ka5 Rb1 62. Rb6 Rf1 63. Rb4 Ke6 64. Kb5 Kf5 65. Kc5 Rd1 66. Rb7 Ke6 67. Rb6+ Ke7 68. Rf6 Re1 69. Kc4 Re4+ 70. Kd3 Re1 71. Kd4 Rd1+ 72. Ke4 Ra1 73. Kf3 Ra3+ 74. Kg4 Ra1 75. Kf3 Rf1+ 76. Ke4 Rh1 77. Kf3 Rh3+ 78. Ke4 Ra3 79. Kd4 Ra2 80. Ke4 Ra5 81. Kd4 Ra4+ 82. Ke3 Ra2 83. Ke4 Re2+ 84. Kf3 Re1 85. Kf2 Re4 86. Kf3 Rb4 87. Ke3 Rb1 88. Ke4 Rb2 89. Kf3 Rh2 90. Kg3 Rh1 91. Kg2 Re1 92. Kf2 Re4 93. Kf3 Re1 94. Kg4 Kf8 95. Rd6 Kg7 96. Kf3 Kf8 97. Rf6 Ke7 1/2-1/2


[Site "https://www.chess.com"]

[Event "Titled Tuesday Blitz August 16 Late 2022"]
[White "Martinez Alcantara, Jose Eduardo"]
[Black "Mihajlov, Sebastian"]
[WhiteFideId "3805662"]
[BlackFideId "1512110"]
[WhiteElo "2703"]
[BlackElo "2464"]
[Result "1-0"]
[Round "01"]
[TimeControl "180+1"]
[Date "2022.08.16"]
[WhiteClock "0:00:03"]
[BlackClock "0:00:05"]

1. e4 c5 2. Nf3 Nc6 3. c3 d5 4. exd5 Qxd5 5. d4 cxd4 6. cxd4 e6 7. Nc3 Qd8 8. Bc4 Nf6 9. O-O Be7 10. a3 O-O 11. Bg5 h6 12. Bh4 a6 13. Ba2 Nd5 14. Bxd5 exd5 15. Bxe7 Nxe7 16. Qb3 Rb8 17. h3 b5 18. Rfe1 Be6 19. Ne2 Qd6 20. Ne5 Rfc8 21. Nd3 Nc6 22. Qd1 Bf5 23. Nc5 a5 24. Rc1 a4 25. Qd2 Bg6 26. Nf4 Bf5 27. Na6 Ra8 28. Nc5 Rab8 29. Rc3 b4 30. Rg3 bxa3 31. bxa3 g6 32. Nxa4 Nxd4 33. Qxd4 Rc4 34. Qxd5 Qxf4 35. Nc3 Rcc8 36. Ne2 Qe4 37. Qxe4 Bxe4 38. Nd4 Bd5 39. Re5 Rd8 40. Ne2 Bc4 41. Nc3 Rb3 42. Ree3 Rxa3 43. f4 Ra1+ 44. Kh2 Raa8 45. f5 g5 46. Ne4 Kg7 47. h4 f6 48. Nc5 Re8 49. Rc3 Bd5 50. Nd7 Rad8 51. Nb6 Bf7 52. Rc7 Re5 53. Rf3 g4 54. Rf4 h5 55. Nc4 Re2 56. Kg3 Rd3+ 57. Kh2 Rd5 58. Nb6 Rd8 59. Kg3 Re5 60. Kh2 Kg8 61. Nc8 Kf8 62. Nb6 Rd3 63. Nd7+ Rxd7 64. Rxd7 Kg7 65. Rc7 Kf8 66. Rd4 Rxf5 67. Rdd7 Bd5 68. Rd8# 1-0


[Site "https://www.chess.com"]